Flyers vs Flames

Created - March 21, 2024 at 19:35

Goals
1 2 3 T
Flyers 2 1 1 4
Flames 1 1 0 2
Shots
1 2 3 T
Flyers 7 9 9 25
Flames 15 8 9 32

1st period

1. Flames , Jake DeBrusk 10 (Sami Vatanen 19, Erik Johnson 32) at 11:33
2. Flyers , Nathan Beaulieu 6 (Kasperi Kapanen 36, Jeff Carter 26) at 12:53
3. Flyers , Jeff Carter 20 (Max Pacioretty 27) at 18:49

Penalties :
Blake Heinrich (Phi) for High sticking (Minor) at 5:21

2nd period

4. Flames , Esa Lindell 7 (Bryan Rust 26, Christian Folin 20) at 11:56
5. Flyers , Jordan Nolan 27 (Jakub Voracek 42) at 15:09

Penalties :
Brad Marchand (Cal) for Slashing (Minor) at 3:47, Brian Lashoff (Phi) for Roughing (Minor) at 15:45

3rd period

6. Flyers , Nick Ritchie 28 (Jakub Voracek 43, Jordan Nolan 49) at 19:08 (Empty Net)

Penalties :
Brian Lashoff (Phi) for Elbowing (Minor) at 1:57, Jakub Voracek (Phi) for Holding (Minor) at 12:40, Nick Ritchie (Phi) for High sticking (Minor) at 15:41

Goalie Stats

Steve Mason (Phi), 30 saves from 32 shots - (0.938), W, 18-22-4, 60:00 minutes
Christopher Gibson (Cal), 21 saves from 24 shots - (0.875), L, 26-17-1, 59:40 minutes

Players Stats for Flyers

Player Name              G  A  P  +/- PIM S  H  SB GA TA FO     MP     PP MP  PK MP  
------------------------------------------------------------------------------------
Blake Heinrich           0  0  0  -2  2   0  5  7  0  2  0/0    27:08   1:06   3:49 
Brian Lashoff            0  0  0   4  4   0  2  2  0  0  0/0    29:06   0:53   3:36 
Brock Nelson             0  0  0   0  0   0  1  0  0  0  1/1    10:46   0:00   2:26 
Cal Foote                0  0  0   0  0   0  0  0  0  0  0/0     2:00   0:00   0:42 
Calle Jarnkrok           0  0  0  -1  0   0  3  1  1  0  4/10   14:08   0:00   1:39 
Ivan Provorov            0  0  0  -1  0   2  4  2  0  1  0/0    27:17   1:06   5:15 
Jake Dotchin             0  0  0   0  0   0  0  2  0  1  0/0     1:09   0:00   0:00 
Jakub Voracek            0  2  2   1  2   3  1  1  0  3  1/1    21:46   1:02   4:12 
Jeff Carter              1  1  2   2  0   1  2  0  0  0  6/16   18:02   0:57   2:37 
Jordan Nolan             1  1  2   1  0   7  1  0  1  0  22/28  21:51   1:02   4:57 
Kasperi Kapanen          0  1  1   2  0   1  2  0  0  0  0/0    15:17   0:57   0:00 
Max Pacioretty           0  1  1   2  0   1  1  1  1  0  0/0    16:02   0:57   0:52 
Michael Bournival        0  0  0  -1  0   0  0  1  0  1  1/2    11:11   0:00   0:00 
Nathan Beaulieu          1  0  1   3  0   3  1  2  0  0  0/0    27:20   0:53   5:32 
Nick Ritchie             1  0  1   1  2   3  1  1  0  1  1/4    18:45   1:02   1:42 
Niclas Bergfors          0  0  0  -1  0   1  3  0  1  0  0/1    12:08   0:00   0:00 
Travis Konecny           0  0  0   0  0   0  0  1  0  0  0/0     6:37   0:00   0:00 
Travis Zajac             0  0  0   0  0   3  1  0  0  0  0/2     9:27   0:00   2:21 

Players Stats for Flames

Player Name              G  A  P  +/- PIM S  H  SB GA TA FO     MP     PP MP  PK MP  
------------------------------------------------------------------------------------
Anders Lee               0  0  0   0  0   2  3  0  0  0  2/2     9:37   0:14   0:30 
Brad Marchand            0  0  0  -2  2   3  3  0  1  0  2/4    17:43   0:02   0:00 
Bryan Rust               0  1  1  -2  0   3  2  1  2  0  2/3    18:24   0:02   0:48 
Christian Folin          0  1  1   0  0   0  2  0  1  0  0/0    20:47   3:47   1:11 
Colby Robak              0  0  0  -1  0   0  0  1  1  1  0/0    12:08   0:00   1:11 
Colin Wilson             0  0  0   1  0   0  0  0  0  0  2/6     8:51   0:00   0:00 
David Savard             0  0  0  -1  0   0  1  1  0  0  0/0    10:57   0:00   0:00 
David Ullstrom           0  0  0   0  0   1  0  0  0  0  0/0     9:05   0:00   0:56 
Eric Staal               0  0  0  -2  0   5  3  0  0  0  14/32  22:00   5:01   0:00 
Erik Johnson             0  1  1  -1  0   1  1  2  0  0  0/0    28:16   6:08   0:48 
Esa Lindell              1  0  1   0  0   4  3  0  0  0  0/0    19:36   3:47   0:00 
Jake DeBrusk             1  0  1   1  0   3  1  0  0  0  0/1    14:19   4:40   0:40 
Jimmy Hayes              0  0  0  -1  0   5  1  0  0  0  0/1    18:29   5:13   0:00 
Kevin Labanc             0  0  0   1  0   0  1  0  0  2  1/1    13:39   4:40   0:00 
Kyle Palmieri            0  0  0   0  0   1  0  0  1  0  0/0     8:09   0:00   0:00 
Patrik Berglund          0  0  0  -1  0   1  0  0  1  0  5/14   19:06   4:40   1:03 
Sami Vatanen             0  1  1  -1  0   3  0  2  1  1  0/0    28:16   6:08   0:48 
Tanner Pearson           0  0  0  -1  0   0  2  0  1  0  1/1    18:38   5:13   0:01 

3 Stars

1 - Jeff Carter (Phi)
2 - Nathan Beaulieu (Phi)
3 - Jordan Nolan (Phi)

Power Play

Flyers - 0 on 1 Attempt(s) - 0.00%
Flames - 0 on 5 Attempt(s) - 0.00%

Penalty Kill

Flyers - 5 on 5 Attempt(s) - 100.00% - Score 0 goal in Penalty Kill
Flames - 1 on 1 Attempt(s) - 100.00% - Score 0 goal in Penalty Kill

Team Stat

Flyers - Hits : 28 - Faceoff Wins : 36 - Blocked Shots : 21 - Penalty Minutes : 10
Flames - Hits : 23 - Faceoff Wins : 29 - Blocked Shots : 7 - Penalty Minutes : 2

Official

Referees : Beaudry Halkidis and Eric Furlatt
Linesman : Bevan Mills and Steve Miller

Game Notes

Jake Dotchin is injured at 1:40 of 1st period (Bruised Left Leg)
Cal Foote is injured at 7:23 of 1st period (Left Wrist)
Nick Ritchie has scored in a empty net!

Finance

Level 1 -- Attendance: 6000 (100.00%) -- Ticket Income $600,000
Level 2 -- Attendance: 5000 (100.00%) -- Ticket Income $300,000
Level 3 -- Attendance: 2000 (100.00%) -- Ticket Income $70,000
Level 4 -- Attendance: 3920 (98.00%) -- Ticket Income $98,000
Luxury Box -- Attendance: 983 (98.30%) -- Ticket Income $196,600
Game was played at the Scotiabank Saddledome.
Total Attendance: 17903 (99.46%)
Total Ticket Income: $1,264,600
Other Income: $189,690
Total Income: $1,454,290

Flyers

5 vs 5 Forward 
   Center                   Left Wing                Right Wing               Time % Phy DF OF 
 1 Jordan Nolan             Nick Ritchie             Jakub Voracek            40     1   2  2  
 2 Jeff Carter              Max Pacioretty           Kasperi Kapanen          30     1   2  2  
 3 Calle Jarnkrok           Michael Bournival        Niclas Bergfors          20     1   2  2  
 4 Travis Zajac             Brock Nelson             Travis Konecny           10     1   2  2  

5 vs 5 Defense 
   Defense                  Defense                                           Time % Phy DF OF 
 1 Nathan Beaulieu          Brian Lashoff                                     40     1   2  2  
 2 Ivan Provorov            Jake Dotchin                                      30     1   2  2  
 3 Blake Heinrich           Cal Foote                                         20     1   2  2  
 4 Nathan Beaulieu          Brian Lashoff                                     10     1   2  2  

PowerPlay Forward 
   Center                   Left Wing                Right Wing               Time % Phy DF OF 
 1 Jordan Nolan             Nick Ritchie             Jakub Voracek            60     1   2  2  
 2 Jeff Carter              Max Pacioretty           Kasperi Kapanen          40     1   2  2  

PowerPlay Defense
   Defense                  Defense                                           Time % Phy DF OF 
 1 Nathan Beaulieu          Brian Lashoff                                     60     1   2  2  
 2 Ivan Provorov            Jake Dotchin                                      40     1   2  2  

Penalty Kill 4 Players Forward 
   Center                   Wing                     Time % Phy DF OF 
 1 Jordan Nolan             Jakub Voracek            60     1   2  2  
 2 Nick Ritchie             Jeff Carter              40     1   2  2  

Penalty Kill 4 Players Defense
   Defense                  Defense                  Time % Phy DF OF 
 1 Nathan Beaulieu          Brian Lashoff            60     1   2  2  
 2 Ivan Provorov            Jake Dotchin             40     1   2  2  

Penalty Kill - 3 Players Forward 
   Forward                                           Time % Phy DF OF 
 1 Jordan Nolan                                      60     1   2  2  
 2 Jakub Voracek                                     40     1   2  2  

Penalty Kill - 3 Players Defense
   Defense                  Defense                  Time % Phy DF OF 
 1 Nathan Beaulieu          Brian Lashoff            60     1   2  2  
 2 Ivan Provorov            Jake Dotchin             40     1   2  2  

4 vs 4 Forward 
   Center                   Wing                     Time % Phy DF OF 
 1 Jordan Nolan             Jakub Voracek            60     1   2  2  
 2 Nick Ritchie             Jeff Carter              40     1   2  2  

4 vs 4 Defense
   Defense                  Defense                  Time % Phy DF OF 
 1 Nathan Beaulieu          Brian Lashoff            60     1   2  2  
 2 Ivan Provorov            Jake Dotchin             40     1   2  2  

Last Minutes Offensive
   Center                   Left Wing                Right Wing               Defense                  Defense                  
   Jordan Nolan             Nick Ritchie             Jakub Voracek            Nathan Beaulieu          Brian Lashoff            

Last Minutes Defensive
   Center                   Left Wing                Right Wing               Defense                  Defense                  
   Jordan Nolan             Nick Ritchie             Jakub Voracek            Nathan Beaulieu          Brian Lashoff            

Goaltenders
Starting : Steve Mason              
Backup : Ilya Sorokin             

Extra Forwards
Normal : Niclas Bergfors, Calle Jarnkrok, Travis Zajac - PP : Niclas Bergfors, Calle Jarnkrok - PK : Travis Zajac
Extra Defensemen
Normal : Blake Heinrich, Cal Foote, Ivan Provorov - PP : Blake Heinrich - PK : Cal Foote, Ivan Provorov
Penalty Shots
Jordan Nolan, Jakub Voracek, Nick Ritchie, Jeff Carter, Max Pacioretty
Custom OT Lines Forwards
Jordan Nolan, Jakub Voracek, Nick Ritchie, Jeff Carter, Max Pacioretty, Kasperi Kapanen, Niclas Bergfors, Calle Jarnkrok, Travis Zajac, Travis Konecny
Custom OT Lines Defensemen
Nathan Beaulieu, Brian Lashoff, Ivan Provorov, Jake Dotchin, Blake Heinrich

Scratches
Jacob Trouba (Healthy)

Flames

5 vs 5 Forward 
   Center                   Left Wing                Right Wing               Time % Phy DF OF 
 1 Eric Staal               Brad Marchand            Bryan Rust               40     1   2  2  
 2 Patrik Berglund          Tanner Pearson           Jimmy Hayes              30     1   2  2  
 3 Colin Wilson             Jake DeBrusk             Kevin Labanc             20     1   2  2  
 4 Anders Lee               David Ullstrom           Kyle Palmieri            10     1   2  2  

5 vs 5 Defense 
   Defense                  Defense                                           Time % Phy DF OF 
 1 Sami Vatanen             Erik Johnson                                      40     1   2  2  
 2 Esa Lindell              Christian Folin                                   30     1   2  2  
 3 Colby Robak              David Savard                                      20     1   2  2  
 4 Sami Vatanen             Erik Johnson                                      10     1   2  2  

PowerPlay Forward 
   Center                   Left Wing                Right Wing               Time % Phy DF OF 
 1 Eric Staal               Tanner Pearson           Jimmy Hayes              60     1   1  3  
 2 Patrik Berglund          Jake DeBrusk             Kevin Labanc             40     1   1  3  

PowerPlay Defense
   Defense                  Defense                                           Time % Phy DF OF 
 1 Erik Johnson             Sami Vatanen                                      60     1   1  3  
 2 Esa Lindell              Christian Folin                                   40     1   1  3  

Penalty Kill 4 Players Forward 
   Center                   Wing                     Time % Phy DF OF 
 1 Patrik Berglund          Brad Marchand            60     1   2  2  
 2 Eric Staal               Bryan Rust               40     1   2  2  

Penalty Kill 4 Players Defense
   Defense                  Defense                  Time % Phy DF OF 
 1 Colby Robak              Christian Folin          60     1   2  2  
 2 Sami Vatanen             Erik Johnson             40     1   2  2  

Penalty Kill - 3 Players Forward 
   Forward                                           Time % Phy DF OF 
 1 Eric Staal                                        60     1   2  2  
 2 Patrik Berglund                                   40     1   2  2  

Penalty Kill - 3 Players Defense
   Defense                  Defense                  Time % Phy DF OF 
 1 Erik Johnson             Sami Vatanen             60     1   2  2  
 2 Colby Robak              Christian Folin          40     1   2  2  

4 vs 4 Forward 
   Center                   Wing                     Time % Phy DF OF 
 1 Eric Staal               Bryan Rust               60     1   2  2  
 2 Patrik Berglund          Brad Marchand            40     1   2  2  

4 vs 4 Defense
   Defense                  Defense                  Time % Phy DF OF 
 1 Erik Johnson             Sami Vatanen             60     1   2  2  
 2 Esa Lindell              Christian Folin          40     1   2  2  

Last Minutes Offensive
   Center                   Left Wing                Right Wing               Defense                  Defense                  
   Eric Staal               Brad Marchand            Bryan Rust               Sami Vatanen             Erik Johnson             

Last Minutes Defensive
   Center                   Left Wing                Right Wing               Defense                  Defense                  
   Eric Staal               Brad Marchand            Bryan Rust               Sami Vatanen             Erik Johnson             

Goaltenders
Starting : Christopher Gibson       
Backup : Henrik Lundqvist         

Extra Forwards
Normal : Tanner Pearson, Jimmy Hayes, Patrik Berglund - PP : Jake DeBrusk, Anders Lee - PK : Bryan Rust
Extra Defensemen
Normal : Colby Robak, Esa Lindell, Christian Folin - PP : Esa Lindell - PK : Christian Folin, David Savard
Penalty Shots
Eric Staal, Tanner Pearson, Jimmy Hayes, Kyle Palmieri, Patrik Berglund
Custom OT Lines Forwards
Eric Staal, Tanner Pearson, Patrik Berglund, Jimmy Hayes, Bryan Rust, Brad Marchand, Colin Wilson, Jake DeBrusk, Kevin Labanc, Kyle Palmieri
Custom OT Lines Defensemen
Erik Johnson, Sami Vatanen, Christian Folin, Esa Lindell, Colby Robak

Scratches
Chris Brown (Healthy), Mathieu Brodeur (Healthy), Matthew Nieto (Healthy), Victor Rask (Healthy)

% Time on Ice - Flyers

Lines # - Real PCT - Wanted PCT - Time Play
Normal Forward
1 - 33% - 40% - 15:49
2 - 30% - 30% - 14:15
3 - 23% - 20% - 11:11
4 - 14% - 10% - 6:37
Normal Defense
1 - 32% - 40% - 15:31
2 - 38% - 30% - 18:22
3 - 26% - 20% - 12:28
4 - 3% - 10% - 1:31
PP Forward
1 - 52% - 60% - 1:02
2 - 48% - 40% - 0:57
PP Defense
1 - 23% - 60% - 0:27
2 - 77% - 40% - 1:32
PK Forward
1 - 75% - 60% - 7:27
2 - 25% - 40% - 2:28
PK Defense
1 - 53% - 60% - 5:18
2 - 47% - 40% - 4:37
PK3 Forward
1 - 0% - 60%
2 - 0% - 40%
PK3 Defense
1 - 0% - 60%
2 - 0% - 40%
44 Forward
1 - 0% - 60%
2 - 0% - 40%
44 Defense
1 - 0% - 60%
2 - 0% - 40%
Last Minute Offensive  - 0:00
Last Minute Defensive  - 0:14
Total
Forward - 60:00
Defense - 60:00

% Time on Ice - Flames

Lines # - Real PCT - Wanted PCT - Time Play
Normal Forward
1 - 36% - 40% - 17:26
2 - 28% - 30% - 13:23
3 - 19% - 20% - 8:51
4 - 17% - 10% - 8:09
Normal Defense
1 - 39% - 40% - 18:44
2 - 33% - 30% - 16:00
3 - 23% - 20% - 10:57
4 - 4% - 10% - 2:08
PP Forward
1 - 53% - 60% - 5:15
2 - 47% - 40% - 4:40
PP Defense
1 - 62% - 60% - 6:08
2 - 38% - 40% - 3:47
PK Forward
1 - 100% - 60% - 1:59
2 - 0% - 40% - 0:00
PK Defense
1 - 60% - 60% - 1:11
2 - 40% - 40% - 0:48
PK3 Forward
1 - 0% - 60%
2 - 0% - 40%
PK3 Defense
1 - 0% - 60%
2 - 0% - 40%
44 Forward
1 - 0% - 60%
2 - 0% - 40%
44 Defense
1 - 0% - 60%
2 - 0% - 40%
Last Minute Offensive  - 0:17
Last Minute Defensive  - 0:00
Total
Forward - 60:00
Defense - 60:00

Play-by-Play

1st period


0:01 of 1st period - Jordan Nolan wins face-off versus Eric Staal in neutral zone.
0:29 of 1st period - Snap shot by Patrik Berglund.
0:29 of 1st period - Deflect By Jimmy Hayes.
0:29 of 1st period - Stopped by Steve Mason with a rebound.
0:31 of 1st period - Slapshot by Erik Johnson.
0:31 of 1st period - Stopped by Steve Mason without a rebound.
0:32 of 1st period - Jeff Carter wins face-off versus Patrik Berglund in Flyers zone.
0:32 of 1st period - Jeff Carter is hit by Christian Folin.
0:50 of 1st period - Snap shot by Patrik Berglund.
0:50 of 1st period - Shot Misses the Net.
1:24 of 1st period - Wrist shot by Patrik Berglund.
1:24 of 1st period - Shot Misses the Net.
1:30 of 1st period - Wrist shot by Patrik Berglund.
1:30 of 1st period - Shot Blocked by Jake Dotchin.
1:32 of 1st period - Snap shot by Patrik Berglund.
1:32 of 1st period - Shot Blocked by Max Pacioretty.
1:40 of 1st period - Slapshot by Jimmy Hayes.
1:40 of 1st period - Shot Blocked by Jake Dotchin.
1:40 of 1st period - Jake Dotchin from Flyers is injured at 1:40 of 1st period (Bruised Left Leg).
1:41 of 1st period - Calle Jarnkrok wins face-off versus Jake DeBrusk in Flyers zone.
2:46 of 1st period - Snap shot by Jakub Voracek.
2:46 of 1st period - Stopped by Christopher Gibson without a rebound.
2:47 of 1st period - Eric Staal wins face-off versus Travis Zajac in Flames zone.
2:47 of 1st period - Eric Staal is hit by Brock Nelson.
2:55 of 1st period - Slapshot by Erik Johnson.
2:55 of 1st period - Shot Blocked by Travis Konecny.
2:59 of 1st period - Wrist shot by Eric Staal.
2:59 of 1st period - Deflect By Bryan Rust.
2:59 of 1st period - Shot Misses the Net.
2:59 of 1st period - Puck is out of play.
3:00 of 1st period - Eric Staal wins face-off versus Calle Jarnkrok in Flyers zone.
3:07 of 1st period - Slapshot by Eric Staal.
3:07 of 1st period - Stopped by Steve Mason without a rebound.
3:08 of 1st period - Calle Jarnkrok wins face-off versus Eric Staal in Flyers zone.
3:13 of 1st period - Wrist shot by Eric Staal.
3:13 of 1st period - Stopped by Steve Mason with a rebound.
3:15 of 1st period - Snap shot by Eric Staal.
3:15 of 1st period - Stopped by Steve Mason without a rebound.
3:16 of 1st period - Colin Wilson wins face-off versus Nick Ritchie in Flyers zone.
3:47 of 1st period - Slapshot by Travis Zajac.
3:47 of 1st period - Stopped by Christopher Gibson with a rebound.
4:05 of 1st period - Calle Jarnkrok is hit by Esa Lindell.
4:19 of 1st period - Wrist shot by Anders Lee.
4:19 of 1st period - Shot Misses the Net.
4:40 of 1st period - Icing by Colby Robak.
4:41 of 1st period - Jordan Nolan wins face-off versus Patrik Berglund in Flames zone.
5:12 of 1st period - Backhand shot by Brad Marchand.
5:12 of 1st period - Deflect By Eric Staal.
5:12 of 1st period - Shot Blocked by Nathan Beaulieu.
5:12 of 1st period - Puck is out of play.
5:13 of 1st period - Eric Staal wins face-off versus Jeff Carter in Flyers zone.
5:16 of 1st period - Wrist shot by Brad Marchand.
5:16 of 1st period - Shot Misses the Net.
5:21 of 1st period - Minor Penalty to Blake Heinrich for High sticking.
5:22 of 1st period - Jordan Nolan wins face-off versus Eric Staal in Flyers zone.
7:21 of 1st period - Penalty to Blake Heinrich is over, Blake Heinrich is back on ice.
7:22 of 1st period - Cal Foote is hit by Anders Lee and loses puck.
7:23 of 1st period - Cal Foote from Flyers is injured at 7:23 of 1st period (Left Wrist).
7:24 of 1st period - Jordan Nolan wins face-off versus Eric Staal in Flyers zone.
7:55 of 1st period - Kevin Labanc is hit by Kasperi Kapanen and loses puck.
8:12 of 1st period - Patrik Berglund is hit by Blake Heinrich and loses puck.
9:02 of 1st period - Off-side.
9:03 of 1st period - Eric Staal wins face-off versus Jeff Carter in neutral zone.
9:06 of 1st period - Wrist shot by Bryan Rust.
9:06 of 1st period - Stopped by Steve Mason with a rebound.
9:51 of 1st period - Jordan Nolan is hit by Esa Lindell and loses puck.
10:24 of 1st period - Slapshot by Jordan Nolan.
10:24 of 1st period - Stopped by Christopher Gibson with a rebound.
10:26 of 1st period - Snap shot by Nick Ritchie.
10:26 of 1st period - Stopped by Christopher Gibson without a rebound.
10:27 of 1st period - Brad Marchand wins face-off versus Jeff Carter in Flames zone.
11:00 of 1st period - Brian Lashoff is hit by Jimmy Hayes and loses puck.
11:07 of 1st period - Snap shot by Jimmy Hayes.
11:07 of 1st period - Stopped by Steve Mason without a rebound.
11:08 of 1st period - Kevin Labanc wins face-off versus Calle Jarnkrok in Flyers zone.
11:15 of 1st period - Snap shot by Jake DeBrusk.
11:15 of 1st period - Deflect By Calle Jarnkrok.
11:15 of 1st period - Stopped by Steve Mason without a rebound.
11:16 of 1st period - Michael Bournival wins face-off versus Colin Wilson in Flyers zone.
11:25 of 1st period - Slapshot by Kevin Labanc.
11:25 of 1st period - Shot Blocked by Blake Heinrich.
11:27 of 1st period - Slapshot by Erik Johnson.
11:27 of 1st period - Shot Blocked by Blake Heinrich.
11:29 of 1st period - Slapshot by Jake DeBrusk.
11:29 of 1st period - Shot Blocked by Blake Heinrich.
11:31 of 1st period - Backhand shot by Sami Vatanen.
11:31 of 1st period - Shot Blocked by Blake Heinrich.
11:33 of 1st period - Snap shot by Jake DeBrusk.
11:33 of 1st period - Goal by Jake DeBrusk - Flyers : 0 - Flames : 1.
11:34 of 1st period - Jordan Nolan wins face-off versus Eric Staal in neutral zone.
12:04 of 1st period - Esa Lindell is hit by Brian Lashoff and loses puck.
12:09 of 1st period - Wrist shot by Patrik Berglund.
12:09 of 1st period - Stopped by Steve Mason without a rebound.
12:10 of 1st period - Brock Nelson wins face-off versus Eric Staal in Flyers zone.
12:36 of 1st period - Jakub Voracek is hit by Christian Folin and loses puck.
12:45 of 1st period - Slapshot by Jimmy Hayes.
12:45 of 1st period - Shot Misses the Net.
12:47 of 1st period - Wrist shot by Jimmy Hayes.
12:47 of 1st period - Deflect By Patrik Berglund.
12:47 of 1st period - Shot Misses the Net.
12:47 of 1st period - Puck is out of play.
12:48 of 1st period - Jeff Carter wins face-off versus Eric Staal in Flyers zone.
12:53 of 1st period - Backhand shot by Nathan Beaulieu.
12:53 of 1st period - Deflect By Eric Staal.
12:53 of 1st period - Goal by Nathan Beaulieu - Flyers : 1 - Flames : 1.
12:54 of 1st period - Eric Staal wins face-off versus Jordan Nolan in neutral zone.
13:03 of 1st period - Nick Ritchie is hit by Eric Staal and loses puck.
13:46 of 1st period - Erik Johnson is hit by Ivan Provorov.
14:11 of 1st period - Blake Heinrich is hit by Anders Lee and loses puck.
15:32 of 1st period - Slapshot by Nathan Beaulieu.
15:32 of 1st period - Stopped by Christopher Gibson without a rebound.
15:33 of 1st period - Eric Staal wins face-off versus Niclas Bergfors in Flames zone.
15:40 of 1st period - Michael Bournival is hit by Esa Lindell and loses puck.
15:47 of 1st period - Wrist shot by Bryan Rust.
15:47 of 1st period - Stopped by Steve Mason with a rebound.
16:02 of 1st period - Brian Lashoff is hit by Brad Marchand and loses puck.
16:13 of 1st period - Calle Jarnkrok is hit by David Savard and loses puck.
16:34 of 1st period - Slapshot by Brad Marchand.
16:34 of 1st period - Shot Misses the Net.
16:36 of 1st period - Wrist shot by Bryan Rust.
16:36 of 1st period - Stopped by Steve Mason with a rebound.
16:38 of 1st period - Slapshot by Sami Vatanen.
16:38 of 1st period - Stopped by Steve Mason without a rebound.
16:39 of 1st period - Jordan Nolan wins face-off versus Patrik Berglund in Flyers zone.
16:55 of 1st period - Icing by Erik Johnson.
16:56 of 1st period - Patrik Berglund wins face-off versus Jeff Carter in Flames zone.
17:56 of 1st period - Snap shot by Sami Vatanen.
17:56 of 1st period - Stopped by Steve Mason with a rebound.
18:45 of 1st period - Backhand shot by Max Pacioretty.
18:45 of 1st period - Shot Misses the Net.
18:47 of 1st period - Wrist shot by Jeff Carter.
18:47 of 1st period - Shot Misses the Net.
18:49 of 1st period - Wrist shot by Jeff Carter.
18:49 of 1st period - Goal by Jeff Carter - Flyers : 2 - Flames : 1.
18:50 of 1st period - Jordan Nolan wins face-off versus Eric Staal in neutral zone.
19:43 of 1st period - Snap shot by Kyle Palmieri.
19:43 of 1st period - Shot Hit the Post.
19:45 of 1st period - Slapshot by Christian Folin.
19:45 of 1st period - Shot Blocked by Calle Jarnkrok.
19:47 of 1st period - Slapshot by Esa Lindell.
19:47 of 1st period - Shot Blocked by Blake Heinrich.
19:49 of 1st period - Wrist shot by David Ullstrom.
19:49 of 1st period - Stopped by Steve Mason without a rebound.
19:50 of 1st period - Eric Staal wins face-off versus Nick Ritchie in Flyers zone.
Goals for this period are 2 for Flyers vs 1 for Flames.
Shots for this period are 7 for Flyers vs 15 for Flames.

2nd period


0:01 of 2nd period - Jordan Nolan wins face-off versus Bryan Rust in neutral zone.
0:31 of 2nd period - Tanner Pearson is hit by Jeff Carter and loses puck.
0:48 of 2nd period - Snap shot by Travis Zajac.
0:48 of 2nd period - Shot Blocked by Sami Vatanen.
1:30 of 2nd period - Icing by Brian Lashoff.
1:31 of 2nd period - Eric Staal wins face-off versus Jeff Carter in Flyers zone.
2:26 of 2nd period - Slapshot by Nathan Beaulieu.
2:26 of 2nd period - Shot Misses the Net.
2:40 of 2nd period - Nathan Beaulieu is hit by Anders Lee and loses puck.
3:05 of 2nd period - Max Pacioretty is hit by Eric Staal and loses puck.
3:23 of 2nd period - Off-side.
3:24 of 2nd period - Patrik Berglund wins face-off versus Calle Jarnkrok in neutral zone.
3:38 of 2nd period - Slapshot by Niclas Bergfors.
3:38 of 2nd period - Stopped by Christopher Gibson with a rebound.
3:40 of 2nd period - Snap shot by Blake Heinrich.
3:40 of 2nd period - Shot Blocked by Sami Vatanen.
3:47 of 2nd period - Minor Penalty to Brad Marchand for Slashing.
3:48 of 2nd period - Jordan Nolan wins face-off versus Patrik Berglund in Flames zone.
5:07 of 2nd period - Ivan Provorov is hit by Jake DeBrusk and loses puck.
5:47 of 2nd period - Penalty to Brad Marchand is over, Brad Marchand is back on ice.
5:57 of 2nd period - Off-side.
5:58 of 2nd period - Eric Staal wins face-off versus Michael Bournival in neutral zone.
6:01 of 2nd period - Niclas Bergfors is hit by Bryan Rust and loses puck.
7:32 of 2nd period - Eric Staal is hit by Jordan Nolan and loses puck.
7:48 of 2nd period - Off-side.
7:49 of 2nd period - Colin Wilson wins face-off versus Jeff Carter in neutral zone.
8:02 of 2nd period - Off-side.
8:03 of 2nd period - Jordan Nolan wins face-off versus Eric Staal in neutral zone.
8:06 of 2nd period - Snap shot by Nick Ritchie.
8:06 of 2nd period - Shot Misses the Net.
8:36 of 2nd period - Backhand shot by Ivan Provorov.
8:36 of 2nd period - Stopped by Christopher Gibson with a rebound.
8:38 of 2nd period - Slapshot by Ivan Provorov.
8:38 of 2nd period - Shot Blocked by Erik Johnson.
9:02 of 2nd period - Wrist shot by Jimmy Hayes.
9:02 of 2nd period - Shot Blocked by Brian Lashoff.
9:29 of 2nd period - Wrist shot by Jimmy Hayes.
9:29 of 2nd period - Shot Misses the Net.
9:31 of 2nd period - Slapshot by Erik Johnson.
9:31 of 2nd period - Shot Misses the Net.
9:33 of 2nd period - Slapshot by Sami Vatanen.
9:33 of 2nd period - Deflect By Niclas Bergfors.
9:33 of 2nd period - Stopped by Steve Mason without a rebound.
9:34 of 2nd period - Eric Staal wins face-off versus Jordan Nolan in Flyers zone.
9:37 of 2nd period - Snap shot by Brad Marchand.
9:37 of 2nd period - Deflect By Eric Staal.
9:37 of 2nd period - Stopped by Steve Mason without a rebound.
9:38 of 2nd period - Eric Staal wins face-off versus Jordan Nolan in Flyers zone.
9:45 of 2nd period - Backhand shot by Esa Lindell.
9:45 of 2nd period - Stopped by Steve Mason with a rebound.
9:50 of 2nd period - Icing by Ivan Provorov.
9:51 of 2nd period - Jordan Nolan wins face-off versus Eric Staal in Flyers zone.
10:04 of 2nd period - Backhand shot by Bryan Rust.
10:04 of 2nd period - Shot Misses the Net.
10:06 of 2nd period - Slapshot by Brad Marchand.
10:06 of 2nd period - Shot Hit the Post.
10:08 of 2nd period - Slapshot by Christian Folin.
10:08 of 2nd period - Shot Misses the Net.
10:37 of 2nd period - Icing by Kasperi Kapanen.
10:38 of 2nd period - Tanner Pearson wins face-off versus Calle Jarnkrok in Flyers zone.
10:39 of 2nd period - Snap shot by Jimmy Hayes.
10:39 of 2nd period - Stopped by Steve Mason without a rebound.
10:40 of 2nd period - Calle Jarnkrok wins face-off versus Patrik Berglund in Flyers zone.
11:18 of 2nd period - Off-side.
11:19 of 2nd period - Jeff Carter wins face-off versus Colin Wilson in neutral zone.
11:22 of 2nd period - Slapshot by Max Pacioretty.
11:22 of 2nd period - Stopped by Christopher Gibson with a rebound.
11:24 of 2nd period - Wrist shot by Ivan Provorov.
11:24 of 2nd period - Stopped by Christopher Gibson without a rebound.
11:25 of 2nd period - Jeff Carter wins face-off versus Colin Wilson in Flames zone.
11:34 of 2nd period - Slapshot by Jake DeBrusk.
11:34 of 2nd period - Stopped by Steve Mason with a rebound.
11:56 of 2nd period - Wrist shot by Esa Lindell.
11:56 of 2nd period - Deflect By Jakub Voracek.
11:56 of 2nd period - Goal by Esa Lindell - Flyers : 2 - Flames : 2.
11:57 of 2nd period - Jordan Nolan wins face-off versus Eric Staal in neutral zone.
12:04 of 2nd period - Slapshot by Nick Ritchie.
12:04 of 2nd period - Shot Blocked by Erik Johnson.
12:09 of 2nd period - Off-side.
12:10 of 2nd period - Jordan Nolan wins face-off versus Eric Staal in neutral zone.
12:21 of 2nd period - Wrist shot by Erik Johnson.
12:21 of 2nd period - Shot Blocked by Brian Lashoff.
13:31 of 2nd period - Slapshot by Travis Konecny.
13:31 of 2nd period - Shot Misses the Net.
13:33 of 2nd period - Slapshot by Nathan Beaulieu.
13:33 of 2nd period - Deflect By Travis Zajac.
13:33 of 2nd period - Stopped by Christopher Gibson without a rebound.
13:34 of 2nd period - Jordan Nolan wins face-off versus Eric Staal in Flames zone.
13:35 of 2nd period - Snap shot by Nick Ritchie.
13:35 of 2nd period - Shot Blocked by Bryan Rust.
14:01 of 2nd period - Erik Johnson is hit by Blake Heinrich and loses puck.
14:24 of 2nd period - Ivan Provorov is hit by Erik Johnson and loses puck.
14:43 of 2nd period - Icing by Michael Bournival.
14:44 of 2nd period - Anders Lee wins face-off versus Calle Jarnkrok in Flyers zone.
14:53 of 2nd period - Snap shot by Brad Marchand.
14:53 of 2nd period - Stopped by Steve Mason with a rebound.
14:55 of 2nd period - Wrist shot by Bryan Rust.
14:55 of 2nd period - Shot Blocked by Ivan Provorov.
14:57 of 2nd period - Backhand shot by Eric Staal.
14:57 of 2nd period - Deflect By Bryan Rust.
14:57 of 2nd period - Shot Blocked by Michael Bournival.
14:57 of 2nd period - Puck is out of play.
14:58 of 2nd period - Jordan Nolan wins face-off versus Eric Staal in Flyers zone.
15:09 of 2nd period - Slapshot by Jordan Nolan.
15:09 of 2nd period - Goal by Jordan Nolan - Flyers : 3 - Flames : 2.
15:10 of 2nd period - Jordan Nolan wins face-off versus Eric Staal in neutral zone.
15:13 of 2nd period - Erik Johnson is hit by Nathan Beaulieu and loses puck.
15:45 of 2nd period - Minor Penalty to Brian Lashoff for Roughing.
15:46 of 2nd period - Jordan Nolan wins face-off versus Eric Staal in Flyers zone.
15:58 of 2nd period - Wrist shot by Jordan Nolan.
15:58 of 2nd period - Stopped by Christopher Gibson with a rebound.
16:00 of 2nd period - Snap shot by Jordan Nolan.
16:00 of 2nd period - Stopped by Christopher Gibson with a rebound.
16:02 of 2nd period - Slapshot by Nathan Beaulieu.
16:02 of 2nd period - Stopped by Christopher Gibson with a rebound.
16:12 of 2nd period - Jordan Nolan is hit by Kevin Labanc and loses puck.
16:44 of 2nd period - Jimmy Hayes is hit by Blake Heinrich and loses puck.
17:00 of 2nd period - Icing by Jake DeBrusk.
17:01 of 2nd period - Nick Ritchie wins face-off versus Patrik Berglund in Flames zone.
17:45 of 2nd period - Penalty to Brian Lashoff is over, Brian Lashoff is back on ice.
18:26 of 2nd period - Anders Lee is hit by Niclas Bergfors and loses puck.
18:43 of 2nd period - Snap shot by Anders Lee.
18:43 of 2nd period - Stopped by Steve Mason without a rebound.
18:44 of 2nd period - Eric Staal wins face-off versus Jordan Nolan in Flyers zone.
Goals for this period are 1 for Flyers vs 1 for Flames.
Shots for this period are 9 for Flyers vs 8 for Flames.

3rd period


0:01 of 3rd period - Jordan Nolan wins face-off versus Eric Staal in neutral zone.
0:04 of 3rd period - Wrist shot by Jakub Voracek.
0:04 of 3rd period - Shot Misses the Net.
1:17 of 3rd period - Wrist shot by Kyle Palmieri.
1:17 of 3rd period - Shot Blocked by Blake Heinrich.
1:29 of 3rd period - Slapshot by Jordan Nolan.
1:29 of 3rd period - Shot Blocked by David Savard.
1:31 of 3rd period - Wrist shot by Nick Ritchie.
1:31 of 3rd period - Shot Blocked by Colby Robak.
1:33 of 3rd period - Snap shot by Nick Ritchie.
1:33 of 3rd period - Stopped by Christopher Gibson with a rebound.
1:48 of 3rd period - Off-side.
1:49 of 3rd period - Patrik Berglund wins face-off versus Jeff Carter in neutral zone.
1:57 of 3rd period - Minor Penalty to Brian Lashoff for Elbowing.
1:58 of 3rd period - Jordan Nolan wins face-off versus Eric Staal in Flyers zone.
2:10 of 3rd period - Wrist shot by Jakub Voracek.
2:10 of 3rd period - Stopped by Christopher Gibson with a rebound.
2:12 of 3rd period - Snap shot by Jakub Voracek.
2:12 of 3rd period - Shot Misses the Net.
2:14 of 3rd period - Snap shot by Jakub Voracek.
2:14 of 3rd period - Deflect By Eric Staal.
2:14 of 3rd period - Stopped by Christopher Gibson with a rebound.
2:57 of 3rd period - Ivan Provorov is hit by Eric Staal and loses puck.
3:57 of 3rd period - Penalty to Brian Lashoff is over, Brian Lashoff is back on ice.
4:08 of 3rd period - Esa Lindell is hit by Max Pacioretty and loses puck.
5:20 of 3rd period - Colin Wilson is hit by Calle Jarnkrok and loses puck.
5:50 of 3rd period - David Ullstrom is hit by Blake Heinrich and loses puck.
6:18 of 3rd period - Travis Zajac is hit by Brad Marchand and loses puck.
6:33 of 3rd period - Jimmy Hayes is hit by Jeff Carter and loses puck.
7:02 of 3rd period - Slapshot by Kyle Palmieri.
7:02 of 3rd period - Stopped by Steve Mason without a rebound.
7:03 of 3rd period - Anders Lee wins face-off versus Jeff Carter in Flyers zone.
7:14 of 3rd period - Christian Folin is hit by Ivan Provorov and loses puck.
7:37 of 3rd period - Wrist shot by Jimmy Hayes.
7:37 of 3rd period - Stopped by Steve Mason with a rebound.
7:39 of 3rd period - Snap shot by Sami Vatanen.
7:39 of 3rd period - Shot Blocked by Jakub Voracek.
7:41 of 3rd period - Slapshot by Esa Lindell.
7:41 of 3rd period - Stopped by Steve Mason with a rebound.
8:16 of 3rd period - Esa Lindell is hit by Calle Jarnkrok and loses puck.
8:40 of 3rd period - Erik Johnson is hit by Kasperi Kapanen and loses puck.
9:18 of 3rd period - Sami Vatanen is hit by Calle Jarnkrok and loses puck.
10:10 of 3rd period - Snap shot by Travis Konecny.
10:10 of 3rd period - Deflect By Niclas Bergfors.
10:10 of 3rd period - Shot Misses the Net.
10:10 of 3rd period - Puck is out of play.
10:11 of 3rd period - Patrik Berglund wins face-off versus Jeff Carter in Flames zone.
10:16 of 3rd period - Blake Heinrich is hit by Tanner Pearson and loses puck.
10:25 of 3rd period - Wrist shot by Jimmy Hayes.
10:25 of 3rd period - Stopped by Steve Mason without a rebound.
10:26 of 3rd period - Bryan Rust wins face-off versus Nick Ritchie in Flyers zone.
10:27 of 3rd period - Wrist shot by Eric Staal.
10:27 of 3rd period - Shot Blocked by Nick Ritchie.
10:35 of 3rd period - Brad Marchand is hit by Brian Lashoff and loses puck.
10:42 of 3rd period - Slapshot by Jordan Nolan.
10:42 of 3rd period - Stopped by Christopher Gibson without a rebound.
10:43 of 3rd period - Jeff Carter wins face-off versus Patrik Berglund in Flames zone.
10:44 of 3rd period - Wrist shot by Kasperi Kapanen.
10:44 of 3rd period - Stopped by Christopher Gibson with a rebound.
11:13 of 3rd period - Off-side.
11:14 of 3rd period - Eric Staal wins face-off versus Jordan Nolan in neutral zone.
11:19 of 3rd period - Nick Ritchie is hit by Bryan Rust and loses puck.
11:51 of 3rd period - Slapshot by Eric Staal.
11:51 of 3rd period - Stopped by Steve Mason without a rebound.
11:52 of 3rd period - Jeff Carter wins face-off versus Patrik Berglund in Flyers zone.
11:52 of 3rd period - Jeff Carter is hit by Tanner Pearson.
12:18 of 3rd period - Colin Wilson is hit by Ivan Provorov and loses puck.
12:23 of 3rd period - Wrist shot by Jordan Nolan.
12:23 of 3rd period - Stopped by Christopher Gibson with a rebound.
12:25 of 3rd period - Wrist shot by Jordan Nolan.
12:25 of 3rd period - Stopped by Christopher Gibson without a rebound.
12:26 of 3rd period - Bryan Rust wins face-off versus Jordan Nolan in Flames zone.
12:26 of 3rd period - Bryan Rust is hit by Nick Ritchie.
12:34 of 3rd period - Wrist shot by Eric Staal.
12:34 of 3rd period - Deflect By Brad Marchand.
12:34 of 3rd period - Stopped by Steve Mason with a rebound.
12:36 of 3rd period - Slapshot by Esa Lindell.
12:36 of 3rd period - Stopped by Steve Mason without a rebound.
12:37 of 3rd period - Jordan Nolan wins face-off versus Brad Marchand in Flyers zone.
12:37 of 3rd period - Jordan Nolan is hit by Brad Marchand.
12:40 of 3rd period - Minor Penalty to Jakub Voracek for Holding.
12:41 of 3rd period - Jordan Nolan wins face-off versus Jimmy Hayes in Flyers zone.
12:55 of 3rd period - Snap shot by Eric Staal.
12:55 of 3rd period - Shot Misses the Net.
12:57 of 3rd period - Slapshot by Erik Johnson.
12:57 of 3rd period - Shot Blocked by Nathan Beaulieu.
14:40 of 3rd period - Penalty to Jakub Voracek is over, Jakub Voracek is back on ice.
14:58 of 3rd period - Colby Robak is hit by Niclas Bergfors and loses puck.
15:11 of 3rd period - Anders Lee is hit by Ivan Provorov.
15:31 of 3rd period - Sami Vatanen is hit by Jakub Voracek.
15:41 of 3rd period - Minor Penalty to Nick Ritchie for High sticking.
15:42 of 3rd period - Jordan Nolan wins face-off versus Patrik Berglund in Flyers zone.
16:08 of 3rd period - Eric Staal is hit by Travis Zajac and loses puck.
16:33 of 3rd period - Patrik Berglund is hit by Blake Heinrich and loses puck.
17:41 of 3rd period - Penalty to Nick Ritchie is over, Nick Ritchie is back on ice.
17:50 of 3rd period - Snap shot by Anders Lee.
17:50 of 3rd period - Shot Blocked by Ivan Provorov.
17:52 of 3rd period - Wrist shot by Brad Marchand.
17:52 of 3rd period - Stopped by Steve Mason without a rebound.
17:53 of 3rd period - Brad Marchand wins face-off versus Jeff Carter in Flyers zone.
18:02 of 3rd period - Wrist shot by Bryan Rust.
18:02 of 3rd period - Shot Blocked by Blake Heinrich.
18:04 of 3rd period - Snap shot by Bryan Rust.
18:04 of 3rd period - Shot Misses the Net.
18:06 of 3rd period - Snap shot by Anders Lee.
18:06 of 3rd period - Stopped by Steve Mason without a rebound.
18:07 of 3rd period - Eric Staal wins face-off versus Calle Jarnkrok in Flyers zone.
18:48 of 3rd period - Flames, Christopher Gibson is pulled from the net.
18:57 of 3rd period - Off-side.
18:58 of 3rd period - Lindy Ruff call a timeout for Flames.
18:58 of 3rd period - Jakub Voracek wins face-off versus Brad Marchand in neutral zone.
19:08 of 3rd period - Slapshot by Nick Ritchie.
19:08 of 3rd period - Goal by Nick Ritchie - Flyers : 4 - Flames : 2.
19:08 of 3rd period - Christopher Gibson from Flames was sent back in the game.
19:09 of 3rd period - Calle Jarnkrok wins face-off versus Colin Wilson in neutral zone.
19:28 of 3rd period - Sami Vatanen is hit by Niclas Bergfors and loses puck.
19:38 of 3rd period - Off-side.
19:39 of 3rd period - Patrik Berglund wins face-off versus Travis Zajac in neutral zone.
19:49 of 3rd period - Wrist shot by Travis Zajac.
19:49 of 3rd period - Shot Misses the Net.
19:51 of 3rd period - Slapshot by Travis Zajac.
19:51 of 3rd period - Stopped by Christopher Gibson with a rebound.
Goals for this period are 1 for Flyers vs 0 for Flames.
Shots for this period are 9 for Flyers vs 9 for Flames.